 Dungeon Crawl Stone Soup version 0.31-a0-175-g9f7f995f2b (webtiles) character file.

Game seed: 11632259798812695701

241354 qw the Marksgargoyle (level 19, -13/135 HPs)
             Began as a Gargoyle Hunter on June 17, 2023.
             Was a High Priest of Okawaru.
             Shot themself with an arrow (119 damage)
             ... on level 3 of the Vaults.
             The game lasted 00:17:12 (29228 turns).

qw the Marksgargoyle (Gargoyle Hunter)             Turns: 29228, Time: 00:17:12

Health: -13/135    AC: 43    Str: 12    XL:     19   Next: 81%
Magic:  11/17      EV: 33    Int: 17    God:    Okawaru [*****.]
Gold:   1581       SH:  0    Dex: 35    Spells: 18/18 levels left

rFire   + + .        p - +9 longbow (heavy)
rCold   + . .        (shield currently unavailable)
rNeg    + . .        k - +4 ring mail of Borghadgh {rF+ Will+ MP-9 Int+3}
rPois   inf          w - +0 helmet {SInv}
rElec   +            A - +2 cloak {Will+}
rCorr   .            l - +2 pair of gloves
SInv    +            h - +0 pair of boots of the Valley {rF+ Str-5 Dex+4}
Will    ++++.        c - amulet of Gojidem {Regen+ Int+4 Dex+2 Slay+3}
Stlth   ++++         t - ring "Akeatimp" {AC+4 Dex+4}
HPRegen 1.22/turn    a - +6 ring of dexterity
MPRegen 0.15/turn

%: no passive effects
@: heroic, finesse-ful, flying
A: sickness immunity, AC +14, big wings, negative energy resistance 1,
electricity resistance, torment resistance 1, petrification resistance, cold
resistance 1, deterioration 1, strong-willed 1
}: 1/15 runes: serpentine
a: Renounce Religion, Heroism, Finesse, Duel


You were on level 3 of the Vaults.
You worshipped Okawaru.
Okawaru was extremely pleased with you.
You visited 7 branches of the dungeon, and saw 33 of its levels.
You also visited: Ossuary and Gauntlet.

You collected 3333 gold pieces.
You spent 1752 gold pieces at shops.


Innate Abilities, Weirdness & Mutations

You are immune to sickness and miasma.
Your stone body is resilient. (AC +14)
You are immune to poison.
Your large and strong wings let you fly.
You resist negative energy. (rN+)
You are resistant to electric shocks. (rElec)
You are resistant to unholy torment.
You are immune to petrification.
Your flesh is cold resistant. (rC+)
Your body sometimes deteriorates upon taking damage.
You are strong-willed. (Will+)


   Skills:
 - Level 20.0(25.0) Fighting
 - Level 20.0(25.0) Ranged Weapons
 - Level 15.0(20.0) Armour
 + Level 14.5(19.5) Dodging
 - Level 1.1(6.1) Stealth
 - Level 10.0 Invocations


You had 18 spell levels left.
You didn't know any spells.
Your spell library was empty.

Inventory:

Hand Weapons
 p - a +9 heavy longbow (weapon)
Armour
 g - a +1 helmet
 h - the +0 pair of boots of the Valley (worn) {rF+ Str-5 Dex+4}
   (You found it in a Gauntlet)

   Str:       It affects your strength (-5).
   Dex:       It affects your dexterity (+4).
   rF:        It protects you from fire.
 k - the +4 ring mail of Borghadgh (worn) {rF+ Will+ MP-9 Int+3}
   (Okawaru gifted it to you on level 4 of the Snake Pit)

   Int:       It affects your intelligence (+3).
   rF:        It protects you from fire.
   MP:        It affects your magic capacity (-9).
   Will:      It increases your willpower.
 l - a +2 pair of gloves (worn)
 u - +0 acid dragon scales
 w - a +0 helmet of see invisible (worn)
 x - quicksilver dragon scales
 A - a +2 cloak of willpower (worn)
 B - a +2 ring mail of cold resistance
Jewellery
 a - a +6 ring of dexterity (right hand)
 c - the amulet of Gojidem (around neck) {Regen+ Int+4 Dex+2 Slay+3}
   (You acquired it on level 5 of the Dungeon)

   [amulet of regeneration]

   Int:       It affects your intelligence (+4).
   Dex:       It affects your dexterity (+2).
   Slay:      It affects your accuracy & damage with ranged weapons and melee
   (+3).
   Regen:     It increases your rate of health regeneration.
 t - the ring "Akeatimp" (left hand) {AC+4 Dex+4}
   (You found it in a Gauntlet)

   [ring of protection]

   AC:        It affects your AC (+4).
   Dex:       It affects your dexterity (+4).
 y - a ring of resist corrosion
Wands
 z - a wand of digging (5)
Scrolls
 m - 15 scrolls of identify
 q - 13 scrolls of teleportation
 s - a scroll of enchant weapon
Potions
 b - 4 potions of haste
 d - 5 potions of magic
 e - 13 potions of heal wounds
 f - a potion of cancellation
 i - 29 potions of curing
 j - 3 potions of mutation
 n - 5 potions of attraction
 o - 6 potions of might
 r - 8 potions of enlightenment
 v - 4 potions of lignification

Dungeon Overview and Level Annotations

Branches:
Dungeon (15/15)            Temple (1/1) D:5            Lair (5/5) D:8
 Shoals (3/4) Lair:2        Snake (4/4) Lair:3        Slime (0/5) Lair:4
    Orc (2/2) D:9             Elf (0/3) Orc:2        Vaults (3/5) D:14
  Crypt (0/3) Vaults:3     Depths (0/4) D:15        Ossuary (visited)
Gauntlet (visited)

Altars:
Ashenzari
Cheibriados
Dithmenos
Elyvilon
Fedhas
Gozag
Hepliaklqana
Kikubaaqudgha
Makhleb
Nemelex Xobeh
Okawaru
Qazlal
Ru
Sif Muna
Trog
Uskayaw
Vehumet
Wu Jian
Xom
Yredelemnul
Zin
The Shining One
Jiyva

Shops:
D:3 =   D:5 (   D:7 *=??   Orc:2 ([:[(   Snake:1 *   Snake:2 !   Snake:3 :?[[
Vaults:1 :

Annotations:
D:5 3 runed translucent doors, qw's ghost, amateur GrHu
D:6 2 transporters, qw's ghost, novice GrFi
D:8 3 runed translucent doors, qw's ghost, novice GrHu
D:10 1 transporter
D:14 1 runed translucent door, Wociock's ghost, journeyman DgHW
Lair:4 1 runed translucent door
Vaults:3 Asterion


Message History

Okawaru accepts your kill.
The ironbound preserver gestures wildly while chanting.
The ironbound preserver begins to accept its allies' injuries.
You shoot an arrow.
The arrow hits the ironbound preserver!!
The ironbound preserver is moderately wounded.
You hear a shout!
You shoot an arrow.
The arrow hits the ironbound preserver!!
The ironbound preserver is heavily wounded.
Asterion unleashes a bloodcurdling roar.
You shoot an arrow.
The tengu reaver blocks the arrow with its +1 buckler of reflection... and reflects it back!
The arrow hits you!
A deep troll comes into view.
The ironbound preserver casts a spell.
The ironbound preserver begins to accept its allies' injuries.
Asterion utters an invocation to Makhleb.
You shoot an arrow. The arrow hits the tengu reaver.
The tengu reaver is lightly wounded.
You shoot an arrow.
The arrow completely misses the tengu reaver.
The arrow closely misses the vault warden.
You hear a faint skittering sound.
The tengu reaver points at you and mumbles some strange words.
The bolt of poison hits you but does no damage.
You resist.
The blizzard demon waves its arms in wide circles.
The air twists around and strikes you.
You shoot an arrow.
The tengu reaver blocks the arrow with its +1 buckler of reflection... and reflects it back!
The arrow hits you!!
The tengu reaver hits you but does no damage.
The tengu reaver pecks you but does no damage.
The tengu reaver completely misses you.
You shoot an arrow.
The tengu reaver blocks the arrow with its +1 buckler of reflection... and reflects it back!
The arrow hits you!!!!
Ouch! That really hurt!
You die...

+....#
#..#.......#
#....#
#..#.##.#..#
#..#...)...#
#..+....#..#
#..#.......# ##
#..#########
#.. #..........
#..C#...#######
#pQ@..# #p#)..#
.T #...# #.
#.H.# # #...#
#2..# #...#
#....


You could see Asterion (sheltered), an ironbound preserver, a stone giant
(sheltered), a vault warden (sheltered), a tengu reaver (sheltered, reflecting),
a blizzard demon (summoned) and a deep troll (sheltered).

Vanquished Creatures
  Nikola (Shoals:2)
  Zenata (Vaults:1)
  Mlioglotl (Shoals:2)
  A titan (Vaults:2)
  A sphinx (Vaults:2)
  3 nagarajas
  Kirke (Shoals:2)
  Roxanne (Shoals:2)
  Aizul (Snake:1)
  4 vault wardens
  Louise (Snake:1)
  2 stone giants
  7 ironbound preservers
  5 ironbound thunderhulks
  A formless jellyfish (Shoals:3)
  Azrael (Snake:1)
  A minotaur (Gauntlet)
  6 dire elephants (Vaults:1)
  Snorg (D:14)
  A merfolk impaler (Shoals:2)
  A deep elf high priest (Vaults:1)
  7 yaktaur captains
  3 great orbs of eyes
  4 salamander tyrants
  3 hydras
  2 catoblepae
  A merfolk avatar (Shoals:3)
  6 centaur warriors
  5 anacondas
  A death knight (D:14)
  2 ogre magi
  4 ironbound frosthearts
  2 boulder beetles
  2 dancing weapons (D:14)
  19 naga warriors
  10 two-headed ogres
  3 satyrs
  2 tengu warriors
  3 death yaks
  3 orc high priests (Orc:2)
  12 naga sharpshooters
  5 shock serpents
  3 skeletal warriors (D:14)
  A skyshark (shapeshifter) (Vaults:2)
  Sonja (Lair:4)
  9 salamander mystics
  3 skysharks
  A shadow wraith (Vaults:1)
  2 glowing orange brains (Gauntlet)
  5 sea snakes
  18 deep trolls
  2 lindwurms
  4 naga ritualists (Snake:4)
  6 ironbound convokers
  4 wizards
  26 harpies
  A necromancer (Lair:4)
  A phantasmal warrior (D:14)
  5 orc knights (Orc:2)
  A wolf spider (shapeshifter) (Vaults:1)
  7 mana vipers
  2 deep elf pyromancers (D:12)
  13 ugly things
  18 fauns
  4 cyclopes
  7 manticores
  18 salamanders
  6 orc sorcerers
  A moth of wrath (Gauntlet)
  16 naga magi
  4 merfolk sirens
  A guardian serpent (Snake:4)
  7 vault sentinels
  27 black mambas
  33 elephants
  5 water nymphs
  11 cane toads
  4 gargoyles
  4 rime drakes
  2 unseen horrors (D:12)
  25 yaktaurs
  An efreet (D:13)
  2 kobold demonologists (D:12)
  2 tengu conjurers
  13 komodo dragons
  3 freezing wraiths
  3 trolls
  6 polar bears
  8 merfolk
  Grinder (D:5)
  20 blink frogs
  5 hornets (Lair:5)
  3 wind drakes
  12 dream sheep
  3 snapping turtles (Shoals:1)
  A vampire (D:14)
  75 yaks
  11 spriggans (Lair:5)
  A fire elemental (Snake:1)
  3 wyverns
  25 slime creatures
  A shadow (D:11)
  3 basilisks (Lair:2)
  A wraith (D:10)
  3 humans (Shoals:2)
  4 hogs (Shoals:2)
  6 vampire mosquitoes
  A steam dragon (D:10)
  43 nagas
  A warg (Orc:1)
  17 water moccasins
  An acid dragon (D:12)
  5 hell hounds (Snake:1)
  2 sky beasts
  3 black bears (Lair:5)
  27 orc warriors
  2 elephant zombies (Lair:4)
  7 ice beasts
  14 ogres
  5 boggarts (Lair:5)
  4 centaurs
  34 wolves
  3 phantoms
  A komodo dragon zombie (Lair:4)
  6 kobold brigands
  5 gnoll sergeants
  A wyvern zombie (Ossuary)
  13 bullfrogs
  4 scorpions
  4 water moccasin zombies (Ossuary)
  11 wights
  17 killer bees
  A howler monkey (D:10)
  5 electric eels
  5 bullfrog zombies (Ossuary)
  5 centaur zombies (Ossuary)
  A basilisk zombie (Lair:4)
  13 orc priests
  7 hounds
  3 jellies
  2 gnoll boudas
  Ijyb (D:3)
  7 iguanas
  A sleepcap (D:5)
  25 orc wizards
  4 killer bee zombies (Ossuary)
  8 mummies (Ossuary)
  3 howler monkey zombies (Ossuary)
  33 gnolls
  A river rat (D:4)
  8 adders
  A shadow imp (D:7)
  A white imp (D:5)
  3 ufetubi
  6 worms
  5 dart slugs
  68 orcs
  7 ball pythons
  5 bats
  8 endoplasms
  2 giant cockroaches
  3 goblins
  13 hobgoblins
  A jackal (D:1)
  17 kobolds
  4 quokkas
  5 frilled lizards
  9 rats
1187 creatures vanquished.

Vanquished Creatures (others)
  2 orc wizards
2 creatures vanquished.

Grand Total: 1189 creatures vanquished

Notes
Turn   | Place    | Note
-------+----------+-------------------------------------------
     0 | D:1      | qw the Gargoyle Hunter began the quest for the Orb.
     0 | D:1      | Reached XP level 1. HP: 12/12 MP: 1/1
     0 | D:1      | 0 ||| qw: Version: 0.3-a-2-g5ab2908
     0 | D:1      | 0 ||| qw: Game counter: 225
     0 | D:1      | 0 ||| qw: Always use a shield: true
     0 | D:1      | 0 ||| qw: God list: Okawaru
     0 | D:1      | 0 ||| qw: Allow faded altars: false
     0 | D:1      | 0 ||| qw: Do Orc after D:15 true
     0 | D:1      | 0 ||| qw: Do second Lair branch before Depths: true
     0 | D:1      | 0 ||| qw: Lair rune preference: random
     0 | D:1      | 0 ||| qw: Plans: Normal, Zot:1-4, Slime:5, God:TSO, Crypt,
                  | Tomb, Abyss, Pan, Hells, Win
     0 | D:1      | 0 ||| PLANNING D:1-11
    90 | D:1      | Reached XP level 2. HP: 15/17 MP: 2/2
   103 | D:1      | 103 ||| Stepping ~*~*~tactically~*~*~ (outnumbered).
   270 | D:1      | Reached XP level 3. HP: 21/21 MP: 3/3
   748 | D:1      | 748 ||| UPGRADING to +5 ring of evasion.
   749 | D:1      | 749 ||| READING scroll labelled ETEYPH FOLEIMP.
   750 | D:1      | 750 ||| READING scroll labelled CAYT QASMOX.
   751 | D:1      | 751 ||| DROPPING scroll of butterflies.
   815 | D:2      | Found a shimmering blue altar of Sif Muna.
   833 | D:2      | Reached skill level 3 in Fighting
   971 | D:2      | Reached XP level 4. HP: 28/28 MP: 4/4
  1105 | D:2      | 1105 ||| UPGRADING to +6 ring of dexterity.
  1106 | D:2      | 1106 ||| READING scroll labelled ILAKHL MACHEFU.
  1107 | D:2      | 1107 ||| READING scroll labelled ZIPACEMM TOUTU.
  1208 | D:2      | 1208 ||| DRINKING 2 pink potions.
  1274 | D:3      | 1274 ||| Stepping ~*~*~tactically~*~*~ (outnumbered).
  1276 | D:3      | 1276 ||| Stepping ~*~*~tactically~*~*~ (outnumbered).
  1318 | D:3      | Reached XP level 5. HP: 22/32 MP: 5/5
  1429 | D:3      | Found an ornate altar of the Wu Jian Council.
  1547 | D:3      | Noticed Ijyb
  1549 | D:3      | Reached skill level 6 in Ranged Weapons
  1570 | D:3      | Killed Ijyb
  1640 | D:3      | Found Diuxkao's Jewellery Shop.
  1654 | D:3      | 1654 ||| SHOPLISTING amulet of reflection (360 gold, have
                  | 104).
  1654 | D:3      | 1654 ||| SHOPLISTING brooch of Shielding {Spirit SH+8} (780
                  | gold, have 104).
  1654 | D:3      | 1654 ||| SHOPLISTING ring of fire (300 gold, have 104).
  1654 | D:3      | 1654 ||| SHOPLISTING ring of ice (300 gold, have 104).
  1654 | D:3      | 1654 ||| SHOPLISTING ring of protection from fire (300
                  | gold, have 104).
  1885 | D:3      | 1885 ||| UPGRADING to +3 leather armour of fire resistance.
  1895 | D:3      | 1895 ||| DROPPING +0 leather armour.
  1896 | D:3      | 1896 ||| READING scroll labelled WESEOROUGU.
  1900 | D:4      | 1900 ||| PLANNING SEWER
  2004 | D:4      | 2004 ||| Stepping ~*~*~tactically~*~*~ (outnumbered).
  2015 | D:4      | Reached XP level 6. HP: 24/38 MP: 6/6
  2021 | D:4      | 2021 ||| FLEEEEING.
  2022 | D:4      | 2022 ||| FLEEEEING.
  2023 | D:4      | 2023 ||| FLEEEEING.
  2024 | D:4      | 2024 ||| FLEEEEING.
  2025 | D:4      | 2025 ||| FLEEEEING.
  2026 | D:4      | 2026 ||| FLEEEEING.
  2027 | D:4      | 2027 ||| FLEEEEING.
  2028 | D:4      | 2028 ||| FLEEEEING.
  2029 | D:4      | 2029 ||| FLEEEEING.
  2030 | D:4      | 2030 ||| FLEEEEING.
  2031 | D:4      | 2031 ||| FLEEEEING.
  2032 | D:4      | 2032 ||| FLEEEEING.
  2033 | D:4      | 2033 ||| FLEEEEING.
  2034 | D:4      | 2034 ||| FLEEEEING.
  2035 | D:4      | 2035 ||| FLEEEEING.
  2036 | D:4      | 2036 ||| FLEEEEING.
  2037 | D:4      | 2037 ||| FLEEEEING.
  2038 | D:4      | 2038 ||| FLEEEEING.
  2039 | D:4      | 2039 ||| FLEEEEING.
  2040 | D:4      | 2040 ||| FLEEEEING.
  2041 | D:4      | 2041 ||| FLEEEEING.
  2259 | D:4      | Reached XP level 7. HP: 43/43 MP: 7/7
  2624 | D:4      | 2624 ||| RIP SEWER
  2625 | D:4      | 2625 ||| PLANNING D:1-11
  2698 | D:4      | Reached skill level 1 in Armour
  3115 | D:4      | 3115 ||| READING scroll labelled KEODIM GEYGEQU.
  3116 | D:4      | 3116 ||| DRINKING 2 amethyst potions.
  3130 | D:5      | Entered Level 5 of the Dungeon
  3186 | D:5      | Found Lualyido's Antique Weapon Shoppe.
  3264 | D:5      | Reached XP level 8. HP: 40/49 MP: 8/8
  3426 | D:5      | Reached skill level 9 in Ranged Weapons
  3469 | D:5      | Found an opulent altar of Gozag.
  3577 | D:5      | Reached skill level 3 in Dodging
  3675 | D:5      | 3675 ||| Stepping ~*~*~tactically~*~*~ (outnumbered).
  3677 | D:5      | 3677 ||| Stepping ~*~*~tactically~*~*~ (outnumbered).
  3682 | D:5      | 3682 ||| FLEEEEING.
  3697 | D:5      | Reached skill level 6 in Fighting
  3885 | D:5      | Found a runed translucent gate.
  3885 | D:5      | Found a runed translucent gate.
  3885 | D:5      | Found a runed translucent gate.
  3890 | D:5      | Found an opulent altar of Gozag.
  3926 | D:5      | Found a blossoming altar of Fedhas.
  3926 | D:5      | Found a shimmering altar of Xom.
  3950 | D:5      | Noticed Grinder
  3974 | D:5      | Killed Grinder
  3975 | D:5      | Reached XP level 9. HP: 38/55 MP: 9/9
  4179 | D:5      | Noticed qw's ghost (amateur GrHu)
  4261 | D:5      | Found a staircase to the Ecumenical Temple.
  4262 | D:5      | 4262 ||| PLANNING TEMPLE
  4262 | D:5      | 4262 ||| DROPPING ring of willpower.
  4263 | D:5      | 4263 ||| READING scroll labelled FUSKULETUSO.
  4263 | D:5      | Identified a scroll of acquirement
  4263 | D:5      | 4263 ||| ACQUIRING amulet of Gojidem {Regen+ Int+4 Dex+2
                  | Slay+3}
  4263 | D:5      | Acquired the amulet of Gojidem {Regen+ Int+4 Dex+2 Slay+3}
  4264 | D:5      | 4264 ||| READING scroll labelled ZOIGHY TAYREJ.
  4265 | D:5      | 4265 ||| READING 2 scrolls labelled IMNAEH USUTUT.
  4269 | D:5      | 4269 ||| DRINKING 6 smoky white potions.
  4270 | D:5      | 4270 ||| DRINKING 3 fizzy brown potions.
  4270 | D:5      | Gained mutation: You are frail. (-10% HP) [potion of
                  | mutation]
  4270 | D:5      | Gained mutation: Your flesh is cold resistant. (rC+)
                  | [potion of mutation]
  4270 | D:5      | Gained mutation: Armour fits poorly on your strangely
                  | shaped body. [potion of mutation]
  4270 | D:5      | Gained mutation: You are agile. (Dex +4, Str/Int -1)
                  | [potion of mutation]
  4271 | D:5      | 4271 ||| DRINKING 2 potions of mutation.
  4271 | D:5      | Lost mutation: You are agile. (Dex +4, Str/Int -1) [potion
                  | of mutation]
  4271 | D:5      | Lost mutation: You are frail. (-10% HP) [potion of
                  | mutation]
  4271 | D:5      | Gained mutation: Your body sometimes deteriorates upon
                  | taking damage. [potion of mutation]
  4271 | D:5      | Lost mutation: Armour fits poorly on your strangely shaped
                  | body. [potion of mutation]
  4271 | D:5      | Gained mutation: You are strong-willed. (Will+) [potion of
                  | mutation]
  4326 | Temple   | Entered the Ecumenical Temple
  4327 | Temple   | 4327 ||| PLANNING OKAWARU WORSHIP
  4369 | Temple   | 4369 ||| UPGRADING to amulet of Gojidem {Regen+ Int+4 Dex+2
                  | Slay+3}.
  4379 | Temple   | Became a worshipper of Warmaster Okawaru
  4380 | Temple   | 4380 ||| PLANNING D:1-11
  5231 | D:6      | 5231 ||| PLANNING OSSUARY
  5287 | D:6      | Found a sparkling altar of Nemelex Xobeh.
  5480 | D:6      | Noticed a hornet
  5490 | D:6      | Noticed qw's ghost (novice GrFi)
  5491 | D:6      | Noticed a queen bee
  5494 | D:6      | Found a transporter.
  5498 | D:6      | Found a transporter.
  5695 | D:6      | Found a sand-covered staircase.
  5696 | D:6      | 5696 ||| DROPPING ring of see invisible.
  5697 | D:6      | 5697 ||| READING 2 scrolls of identify.
  5697 | D:6      | 5697 ||| IDENTIFYING fizzy coppery potion
  5698 | D:6      | 5698 ||| DROPPING potion of ambrosia.
  5705 | Ossuary  | Entered an ossuary
  5745 | Ossuary  | Reached * piety under Okawaru
  5752 | Ossuary  | 5752 ||| READING scroll of enchant weapon.
  5752 | Ossuary  | 5752 ||| ENCHANTING +1 shortbow.
  5791 | Ossuary  | Reached skill level 1 in Invocations
  5877 | Ossuary  | Reached skill level 3 in Invocations
  6011 | Ossuary  | Reached ** piety under Okawaru
  6036 | Ossuary  | 6036 ||| READING scroll labelled FIC CIWAERPH.
  6037 | Ossuary  | 6037 ||| DRINKING 2 puce potions.
  6038 | Ossuary  | 6038 ||| READING 3 scrolls of identify.
  6038 | Ossuary  | 6038 ||| IDENTIFYING fuming grey potion
  6039 | Ossuary  | 6039 ||| READING 2 scrolls of identify.
  6039 | Ossuary  | 6039 ||| IDENTIFYING grey potion
  6040 | Ossuary  | 6040 ||| DROPPING potion of invisibility.
  6048 | D:6      | 6048 ||| PLANNING D:1-11
  6210 | D:6      | Found a basalt altar of Yredelemnul.
  6210 | D:6      | Found a radiant altar of Vehumet.
  6471 | D:7      | Reached XP level 10. HP: 64/64 MP: 11/13
  6490 | D:7      | Found Tehoreana's General Store.
  6492 | D:7      | Found Jefaethrito's Specific Store.
  6496 | D:7      | 6496 ||| BUYING potion of curing (42 gold).
  6496 | D:7      | Bought a potion of curing for 42 gold pieces
  6496 | D:7      | 6496 ||| BUYING scroll of identify (28 gold).
  6496 | D:7      | Bought a scroll of identify for 28 gold pieces
  6500 | D:7      | 6500 ||| BUYING potion of curing (45 gold).
  6500 | D:7      | Bought a potion of curing for 45 gold pieces
  6515 | D:7      | Found Peteguumm's Jewellery Shop.
  6525 | D:7      | 6525 ||| SHOPLISTING ring of fire (300 gold, have 163).
  6525 | D:7      | 6525 ||| SHOPLISTING ring of ice (300 gold, have 163).
  6599 | D:7      | Found Ebokh's Magic Scroll Boutique.
  6610 | D:7      | 6610 ||| BUYING scroll of enchant weapon (112 gold).
  6610 | D:7      | Bought a scroll of enchant weapon for 112 gold pieces
  6610 | D:7      | 6610 ||| BUYING scroll of identify (30 gold).
  6610 | D:7      | Bought a scroll of identify for 30 gold pieces
  6610 | D:7      | 6610 ||| BUYING scroll of identify (30 gold).
  6610 | D:7      | Bought a scroll of identify for 30 gold pieces
  6610 | D:7      | 6610 ||| READING scroll of enchant weapon.
  6610 | D:7      | 6610 ||| ENCHANTING +2 shortbow.
  6677 | D:7      | Found a broken altar of Ashenzari.
  6774 | D:7      | Found a glowing silver altar of Zin.
  6852 | D:7      | Found Agybos's Magic Scroll Boutique.
  6855 | D:7      | 6855 ||| SHOPLISTING scroll of identify (26 gold, have 7).
  6970 | D:7      | 6970 ||| DROPPING amulet of reflection.
  6971 | D:7      | 6971 ||| READING 2 scrolls labelled SAONEI QUOST.
  6972 | D:7      | 6972 ||| READING scroll of brand weapon.
  6972 | D:7      | 6972 ||| BRANDING +3 shortbow of electrocution.
  6973 | D:7      | 6973 ||| READING 2 scrolls labelled DEINUY JOIPN.
  6974 | D:7      | 6974 ||| READING 4 scrolls of identify.
  6974 | D:7      | 6974 ||| IDENTIFYING white potion
  6975 | D:7      | 6975 ||| READING 3 scrolls of identify.
  6975 | D:7      | 6975 ||| IDENTIFYING fuming emerald potion
  6976 | D:7      | 6976 ||| DROPPING potion of degeneration.
  6977 | D:7      | 6977 ||| DROPPING scroll of noise.
  7120 | D:8      | Reached skill level 12 in Ranged Weapons
  7279 | D:8      | 7279 ||| Stepping ~*~*~tactically~*~*~ (outnumbered).
  7281 | D:8      | 7281 ||| INVOKING Heroism.
  7311 | D:8      | Reached *** piety under Okawaru
  7318 | D:8      | 7318 ||| INVOKING Heroism.
  7339 | D:8      | Found a staircase to the Lair.
  7349 | D:8      | Identified the +11 rapier "Xofe" {heavy, rF+ rC+ MP+9}
  7553 | D:8      | Found a runed translucent gate.
  7554 | D:8      | Found a runed translucent gate.
  7555 | D:8      | Found a runed translucent gate.
  7557 | D:8      | Noticed a spectral unseen horror
  7557 | D:8      | Noticed qw's ghost (novice GrHu)
  7630 | D:8      | 7630 ||| READING 2 scrolls labelled DUTIEVV VUUBB.
  7631 | D:8      | 7631 ||| PLANNING LAIR
  7631 | D:8      | 7631 ||| DROPPING scroll of poison.
  7651 | Lair:1   | Entered Level 1 of the Lair of Beasts
  7651 | Lair:1   | Noticed a death yak
  7651 | Lair:1   | Noticed a death yak
  7652 | Lair:1   | 7652 ||| INVOKING Heroism.
  7652 | Lair:1   | Noticed a death yak
  7661 | Lair:1   | Killed a death yak
  7671 | Lair:1   | Killed a death yak
  7672 | Lair:1   | Reached skill level 9 in Fighting
  7672 | Lair:1   | Reached XP level 11. HP: 63/71 MP: 14/14
  7678 | Lair:1   | 7678 ||| STAIRDANCE
  7680 | D:8      | 7680 ||| INVOKING Heroism.
  7683 | D:8      | Killed a death yak
  7748 | Lair:1   | 7748 ||| INVOKING Heroism.
  7769 | Lair:1   | 7769 ||| INVOKING Heroism.
  7773 | Lair:1   | Reached **** piety under Okawaru
  7793 | Lair:1   | 7793 ||| INVOKING Heroism.
  7816 | Lair:1   | 7816 ||| INVOKING Heroism.
  7873 | Lair:1   | 7873 ||| INVOKING Heroism.
  7907 | Lair:1   | Reached skill level 6 in Dodging
  7929 | Lair:1   | 7929 ||| INVOKING Heroism.
  7933 | Lair:1   | HP: 15/71 [yak (11)]
  7934 | Lair:1   | 7934 ||| READING 7 scrolls of teleportation.
  7935 | Lair:1   | 7935 ||| DRINKING 3 potions of heal wounds.
  7983 | Lair:1   | 7983 ||| INVOKING Heroism.
  8012 | Lair:1   | 8012 ||| INVOKING Heroism.
  8067 | Lair:1   | 8067 ||| INVOKING Heroism.
  8073 | Lair:1   | Reached skill level 6 in Invocations
  8100 | Lair:1   | Found a white marble altar of Elyvilon.
  8144 | Lair:1   | Received a gift from Okawaru
  8252 | Lair:1   | 8252 ||| INVOKING Heroism.
  8294 | Lair:1   | Reached ***** piety under Okawaru
  8295 | Lair:1   | Reached XP level 12. HP: 77/77 MP: 15/17
  8665 | Lair:1   | 8665 ||| READING scroll labelled ZUURGH NEGITUQIE.
  8679 | Lair:1   | 8679 ||| READING 3 scrolls of identify.
  8679 | Lair:1   | 8679 ||| IDENTIFYING red potion
  8680 | Lair:1   | 8680 ||| DROPPING potion of berserk rage.
  8746 | Lair:2   | Found a staircase to the Shoals.
  8758 | Lair:2   | 8758 ||| INVOKING Heroism.
  8789 | Lair:2   | Noticed a five-headed hydra
  8800 | Lair:2   | Killed a five-headed hydra
  8828 | Lair:2   | Received a gift from Okawaru
  8841 | Lair:2   | 8841 ||| INVOKING Heroism.
  8854 | Lair:2   | Reached skill level 9 in Invocations
  8869 | Lair:2   | HP: 16/79 [elephant (10)]
  8870 | Lair:2   | 8870 ||| READING 6 scrolls of teleportation.
  8871 | Lair:2   | 8871 ||| DRINKING 3 potions of heal wounds.
  8874 | Lair:2   | 8874 ||| STAIRDANCE
  8990 | Lair:2   | You fall into a shaft and drop 1 floor!
  9048 | Lair:3   | 9048 ||| INVOKING Heroism.
  9123 | Lair:3   | 9123 ||| INVOKING Heroism.
  9154 | Lair:3   | 9154 ||| INVOKING Heroism.
  9284 | Lair:3   | Reached XP level 13. HP: 73/84 MP: 20/20
  9335 | Lair:3   | 9335 ||| UPGRADING to +0 pair of gloves.
  9340 | Lair:3   | 9340 ||| READING 3 scrolls of enchant armour.
  9340 | Lair:3   | 9340 ||| ENCHANTING +0 pair of gloves.
  9341 | Lair:3   | 9341 ||| READING 2 scrolls of enchant armour.
  9341 | Lair:3   | 9341 ||| ENCHANTING +1 pair of gloves.
  9342 | Lair:3   | 9342 ||| READING scroll labelled DONWUXIDGHIUC.
  9343 | Lair:3   | 9343 ||| READING scroll labelled XATTOW PO DIORR.
  9359 | Lair:2   | 9359 ||| INVOKING Heroism.
  9409 | Lair:2   | Reached skill level 3 in Armour
  9427 | Lair:2   | 9427 ||| INVOKING Heroism.
  9461 | Lair:2   | Reached skill level 12 in Fighting
  9623 | Lair:2   | 9623 ||| INVOKING Heroism.
 10164 | Lair:2   | 10164 ||| READING scroll of enchant weapon.
 10164 | Lair:2   | 10164 ||| ENCHANTING +3 shortbow of flaming.
 10367 | Lair:2   | 10367 ||| DROPPING +1 pair of gloves of stealth.
 10391 | Lair:3   | Received a gift from Okawaru
 10395 | Lair:3   | 10395 ||| SWAPPING to +1 heavy longbow.
 10398 | Lair:3   | 10398 ||| DROPPING +4 shortbow of flaming.
 10403 | Lair:3   | 10403 ||| READING scroll of enchant weapon.
 10403 | Lair:3   | 10403 ||| ENCHANTING +1 heavy longbow.
 10502 | Lair:3   | Found a staircase to the Snake Pit.
 10784 | Lair:4   | Noticed Sonja
 10785 | Lair:4   | 10785 ||| INVOKING Finesse.
 10797 | Lair:4   | Killed Sonja
 10900 | Lair:4   | Found a runed translucent door.
 10902 | Lair:4   | Found a viscous altar of Jiyva.
 10903 | Lair:4   | Found a staircase to the Slime Pits.
 10953 | Lair:4   | 10953 ||| INVOKING Heroism.
 10966 | Lair:4   | Reached skill level 15 in Ranged Weapons
 10988 | Lair:4   | 10988 ||| INVOKING Heroism.
 11059 | Lair:4   | 11059 ||| INVOKING Heroism.
 11193 | Lair:4   | 11193 ||| INVOKING Heroism.
 11433 | Lair:4   | 11433 ||| INVOKING Heroism.
 11477 | Lair:4   | 11477 ||| READING scroll of enchant weapon.
 11477 | Lair:4   | 11477 ||| ENCHANTING +2 heavy longbow.
 11631 | Lair:4   | 11631 ||| UPGRADING to +0 pair of boots.
 11636 | Lair:4   | 11636 ||| READING scroll of enchant armour.
 11636 | Lair:4   | 11636 ||| ENCHANTING +0 pair of boots.
 11667 | Lair:5   | Entered Level 5 of the Lair of Beasts
 11668 | Lair:5   | 11668 ||| INVOKING Heroism.
 11739 | Lair:5   | Gained mutation: Your large and strong wings let you fly.
                  | [Gargoyle growth]
 11739 | Lair:5   | Reached XP level 14. HP: 92/92 MP: 21/21
 11955 | Lair:5   | 11955 ||| INVOKING Heroism.
 12020 | Lair:5   | Received a gift from Okawaru
 12100 | Lair:5   | 12100 ||| INVOKING Heroism.
 12132 | Lair:5   | Received a gift from Okawaru
 12159 | Lair:5   | 12159 ||| INVOKING Heroism.
 12161 | Lair:5   | 12161 ||| INVOKING Finesse.
 12166 | Lair:5   | Reached skill level 18 in Ranged Weapons
 12226 | Lair:5   | 12226 ||| INVOKING Heroism.
 12227 | Lair:5   | 12227 ||| INVOKING Finesse.
 12283 | Lair:5   | 12283 ||| READING scroll of enchant weapon.
 12283 | Lair:5   | 12283 ||| ENCHANTING +3 heavy longbow.
 12319 | Lair:5   | 12319 ||| INVOKING Heroism.
 12320 | Lair:5   | 12320 ||| INVOKING Finesse.
 12392 | Lair:5   | 12392 ||| READING scroll of enchant weapon.
 12392 | Lair:5   | 12392 ||| ENCHANTING +4 heavy longbow.
 12807 | Lair:5   | 12807 ||| PLANNING D:1-11
 12807 | Lair:5   | 12807 ||| UPGRADING to +1 cloak of willpower.
 13018 | D:9      | Identified the +0 robe of Xoryhyca {rC+} (Okawaru gifted it
                  | to you on level 9 of the Dungeon)
 13018 | D:9      | Received a gift from Okawaru
 13187 | D:9      | Identified the staff of poison "Zioschet" {rPois rN+
                  | Stlth+}
 13302 | D:9      | Found a staircase to the Orcish Mines.
 13306 | D:9      | 13306 ||| Stepping ~*~*~tactically~*~*~ (outnumbered).
 13307 | D:9      | 13307 ||| Stepping ~*~*~tactically~*~*~ (outnumbered).
 13317 | D:9      | 13317 ||| Stepping ~*~*~tactically~*~*~ (outnumbered).
 13622 | D:10     | Entered Level 10 of the Dungeon
 13667 | D:10     | 13667 ||| Stepping ~*~*~tactically~*~*~ (outnumbered).
 13687 | D:10     | Identified the +11 dagger "Bonigon" {protect, Str+6}
 14019 | D:10     | Found a transporter.
 14024 | D:10     | Found a viscous altar of Jiyva.
 14267 | D:10     | 14267 ||| DRINKING 2 brown potions.
 14268 | D:10     | 14268 ||| READING 11 scrolls of identify.
 14268 | D:10     | 14268 ||| IDENTIFYING metallic white potion
 14269 | D:10     | 14269 ||| DROPPING potion of brilliance.
 14826 | D:11     | Found a radiant altar of Vehumet.
 15015 | D:11     | Reached skill level 9 in Dodging
 15015 | D:11     | Reached XP level 15. HP: 96/96 MP: 22/22
 15219 | D:11     | 15219 ||| PLANNING D
 15436 | D:12     | 15436 ||| Stepping ~*~*~tactically~*~*~ (outnumbered).
 15438 | D:12     | 15438 ||| Stepping ~*~*~tactically~*~*~ (outnumbered).
 15440 | D:12     | 15440 ||| Stepping ~*~*~tactically~*~*~ (outnumbered).
 15443 | D:12     | 15443 ||| Stepping ~*~*~tactically~*~*~ (outnumbered).
 15576 | D:12     | 15576 ||| Stepping ~*~*~tactically~*~*~ (outnumbered).
 15597 | D:12     | Identified the +1 pair of boots "Firriof" {Str+4}
 15735 | D:12     | 15735 ||| Stepping ~*~*~tactically~*~*~ (outnumbered).
 15738 | D:12     | 15738 ||| Stepping ~*~*~tactically~*~*~ (outnumbered).
 15741 | D:12     | 15741 ||| Stepping ~*~*~tactically~*~*~ (outnumbered).
 15746 | D:12     | 15746 ||| Stepping ~*~*~tactically~*~*~ (outnumbered).
 15941 | D:12     | 15941 ||| UPGRADING to +1 pair of boots "Firriof" {Str+4}.
 15951 | D:12     | 15951 ||| DROPPING +1 pair of boots.
 16155 | D:13     | Found a shimmering altar of Xom.
 16158 | D:13     | Found a shimmering altar of Xom.
 16160 | D:13     | Found a shimmering altar of Xom.
 16187 | D:13     | Found a frozen archway.
 16465 | D:13     | 16465 ||| DROPPING +0 robe of Xoryhyca {rC+}.
 16466 | D:13     | 16466 ||| UPGRADING to +1 hat.
 16471 | D:13     | 16471 ||| DROPPING +6 ring of intelligence.
 16505 | D:14     | Noticed Snorg
 16511 | D:14     | Killed Snorg
 16578 | D:14     | Identified the +9 spear "Ehocwiem" {flame, rElec rPois}
 16579 | D:14     | Found a runed translucent door.
 16579 | D:14     | Noticed Wociock's ghost (journeyman DgHW)
 16598 | D:14     | 16598 ||| INVOKING Heroism.
 16689 | D:14     | You are sucked into a shaft and drop 1 floor!
 16689 | D:15     | Entered Level 15 of the Dungeon
 16730 | D:15     | 16730 ||| PLANNING GAUNTLET
 16731 | D:15     | Found a staircase to the Depths.
 16732 | D:15     | 16732 ||| INVOKING Heroism.
 16776 | D:15     | 16776 ||| READING scroll of enchant weapon.
 16776 | D:15     | 16776 ||| ENCHANTING +5 heavy longbow.
 16837 | D:15     | Received a gift from Okawaru
 16951 | D:15     | Reached skill level 6 in Armour
 17003 | D:15     | 17003 ||| FLEEEEING.
 17005 | D:15     | 17005 ||| FLEEEEING.
 17006 | D:15     | 17006 ||| FLEEEEING.
 17007 | D:15     | 17007 ||| FLEEEEING.
 17008 | D:15     | 17008 ||| FLEEEEING.
 17009 | D:15     | 17009 ||| FLEEEEING.
 17010 | D:15     | 17010 ||| FLEEEEING.
 17011 | D:15     | 17011 ||| FLEEEEING.
 17012 | D:15     | 17012 ||| FLEEEEING.
 17013 | D:15     | 17013 ||| FLEEEEING.
 17014 | D:15     | 17014 ||| FLEEEEING.
 17015 | D:15     | 17015 ||| FLEEEEING.
 17016 | D:15     | 17016 ||| INVOKING Heroism.
 17078 | D:15     | Found a gate leading to a gauntlet.
 17087 | Gauntlet | Entered a Gauntlet
 17087 | Gauntlet | Found a transporter.
 17099 | Gauntlet | Found a transporter.
 17104 | Gauntlet | Found a runed translucent door.
 17107 | Gauntlet | Found a runed translucent door.
 17110 | Gauntlet | Found a transporter.
 17113 | Gauntlet | Found a transporter.
 17121 | Gauntlet | Found a transporter.
 17142 | Gauntlet | Found a runed translucent gate.
 17143 | Gauntlet | Found a transporter.
 17143 | Gauntlet | Found a runed translucent gate.
 17144 | Gauntlet | Found a runed translucent gate.
 17154 | Gauntlet | Found a transporter.
 17165 | Gauntlet | Found a transporter.
 17167 | Gauntlet | Found the +2 Maxwell's thermic engine {flame, freeze, rev}
 17180 | Gauntlet | Found a runed translucent door.
 17180 | Gauntlet | Found a runed translucent door.
 17184 | Gauntlet | Found a transporter.
 17198 | Gauntlet | Found a transporter.
 17198 | Gauntlet | Found a transporter.
 17248 | Gauntlet | Found a transporter.
 17266 | Gauntlet | Found a transporter.
 17279 | Gauntlet | Found a transporter.
 17376 | Gauntlet | Identified the ring "Akeatimp" {AC+4 Dex+4}
 17378 | Gauntlet | 17378 ||| UPGRADING to ring "Akeatimp" {AC+4 Dex+4}.
 17380 | Gauntlet | 17380 ||| DROPPING ring of protection from fire.
 17381 | Gauntlet | 17381 ||| DROPPING +5 ring of evasion.
 17455 | Gauntlet | Identified the +0 pair of boots of the Valley {rF+ Str-5
                  | Dex+4}
 17457 | Gauntlet | 17457 ||| UPGRADING to +0 pair of boots of the Valley {rF+
                  | Str-5 Dex+4}.
 17467 | Gauntlet | 17467 ||| UPGRADING to +0 troll leather armour.
 17477 | Gauntlet | 17477 ||| DROPPING +1 pair of boots "Firriof" {Str+4}.
 17484 | Gauntlet | 17484 ||| INVOKING Heroism.
 17493 | Gauntlet | Received a gift from Okawaru
 17552 | Gauntlet | 17552 ||| UPGRADING to +0 helmet of see invisible.
 17562 | Gauntlet | 17562 ||| UPGRADING to quicksilver dragon scales.
 17572 | Gauntlet | 17572 ||| DROPPING +0 troll leather armour.
 17573 | Gauntlet | 17573 ||| DROPPING +1 hat.
 17574 | Gauntlet | 17574 ||| DROPPING +1 leather armour of poison resistance.
 17575 | Gauntlet | 17575 ||| DROPPING +2 leather armour of willpower.
 17592 | D:15     | 17592 ||| PLANNING D
 17657 | D:14     | 17657 ||| INVOKING Heroism.
 17692 | D:14     | Found a gate to the Vaults.
 17696 | D:14     | Reached XP level 16. HP: 104/104 MP: 23/23
 17893 | D:14     | 17893 ||| INVOKING Heroism.
 17905 | D:14     | Reached skill level 9 in Armour
 18563 | D:14     | 18563 ||| Stepping randomly (stuck).
 18774 | D:15     | 18774 ||| PLANNING ORC
 18931 | Orc:1    | Entered Level 1 of the Orcish Mines
 18938 | Orc:1    | 18938 ||| INVOKING Heroism.
 19083 | Orc:2    | Entered Level 2 of the Orcish Mines
 19089 | Orc:2    | Found Eluy's Weapon Shop.
 19180 | Orc:2    | 19180 ||| INVOKING Heroism.
 19325 | Orc:1    | 19325 ||| INVOKING Heroism.
 19623 | Orc:2    | Found a staircase to the Elven Halls.
 19843 | Orc:2    | 19843 ||| Stepping ~*~*~tactically~*~*~ (outnumbered).
 19845 | Orc:2    | 19845 ||| Stepping ~*~*~tactically~*~*~ (outnumbered).
 19847 | Orc:2    | 19847 ||| INVOKING Heroism.
 19848 | Orc:2    | 19848 ||| Stepping ~*~*~tactically~*~*~ (outnumbered).
 19864 | Orc:2    | Found Jeywubis's Antique Weapon Shoppe.
 19866 | Orc:2    | 19866 ||| Stepping ~*~*~tactically~*~*~ (outnumbered).
 19875 | Orc:2    | 19875 ||| Stepping ~*~*~tactically~*~*~ (outnumbered).
 19876 | Orc:2    | 19876 ||| Stepping ~*~*~tactically~*~*~ (outnumbered).
 19877 | Orc:2    | 19877 ||| INVOKING Heroism.
 19900 | Orc:2    | 19900 ||| INVOKING Heroism.
 19917 | Orc:2    | 19917 ||| Stepping ~*~*~tactically~*~*~ (outnumbered).
 19920 | Orc:2    | 19920 ||| Stepping ~*~*~tactically~*~*~ (outnumbered).
 19925 | Orc:2    | Found Biemafoa's Armour Boutique.
 19935 | Orc:2    | 19935 ||| BUYING +0 ring mail "Jymaowye" {rF+ Dex+3} (364
                  | gold).
 19935 | Orc:2    | Bought the +0 ring mail "Jymaowye" {rF+ Dex+3} for 364 gold
                  | pieces
 19935 | Orc:2    | 19935 ||| BUYING +1 robe of cold resistance (190 gold).
 19935 | Orc:2    | Bought a +1 robe of cold resistance for 190 gold pieces
 19935 | Orc:2    | Found Rietz's Book Boutique.
 19937 | Orc:2    | Found Ipreguaz's Antique Armour Shoppe.
 19944 | Orc:2    | 19944 ||| INVOKING Heroism.
 20039 | Orc:2    | 20039 ||| PLANNING SNAKE:1-3
 20039 | Orc:2    | 20039 ||| DROPPING +3 leather armour of fire resistance.
 20177 | Snake:1  | Entered Level 1 of the Snake Pit
 20254 | Snake:1  | 20254 ||| Stepping ~*~*~tactically~*~*~ (outnumbered).
 20256 | Snake:1  | 20256 ||| Stepping ~*~*~tactically~*~*~ (outnumbered).
 20258 | Snake:1  | 20258 ||| Stepping ~*~*~tactically~*~*~ (outnumbered).
 20260 | Snake:1  | Noticed Louise
 20261 | Snake:1  | 20261 ||| INVOKING Heroism.
 20262 | Snake:1  | 20262 ||| Stepping ~*~*~tactically~*~*~ (outnumbered).
 20271 | Snake:1  | Killed Louise
 20318 | Snake:1  | Found Soveghof's General Store.
 20325 | Snake:1  | 20325 ||| BUYING scroll of teleportation (42 gold).
 20325 | Snake:1  | Bought a scroll of teleportation for 42 gold pieces
 20403 | Snake:1  | 20403 ||| Stepping ~*~*~tactically~*~*~ (outnumbered).
 20406 | Snake:1  | 20406 ||| Stepping ~*~*~tactically~*~*~ (outnumbered).
 20437 | Snake:1  | Reached skill level 12 in Armour
 20477 | Snake:1  | 20477 ||| INVOKING Heroism.
 20478 | Snake:1  | 20478 ||| Stepping ~*~*~tactically~*~*~ (outnumbered).
 20489 | Snake:1  | 20489 ||| Stepping ~*~*~tactically~*~*~ (outnumbered).
 20537 | Snake:1  | Noticed Aizul
 20538 | Snake:1  | 20538 ||| INVOKING Heroism.
 20547 | Snake:1  | Killed Aizul
 20579 | Snake:1  | 20579 ||| Stepping ~*~*~tactically~*~*~ (outnumbered).
 20581 | Snake:1  | Noticed Azrael
 20582 | Snake:1  | 20582 ||| Stepping ~*~*~tactically~*~*~ (outnumbered).
 20588 | Snake:1  | Killed Azrael
 20629 | Snake:1  | 20629 ||| INVOKING Heroism.
 20697 | Snake:1  | Found an opulent altar of Gozag.
 20966 | Snake:2  | Identified the +0 scale mail of Pessimism {Drain rPois
                  | Str+9}
 21044 | Snake:2  | Found Niutes's Distillery.
 21054 | Snake:2  | 21054 ||| BUYING potion of attraction (33 gold).
 21054 | Snake:2  | Bought a potion of attraction for 33 gold pieces
 21054 | Snake:2  | 21054 ||| BUYING potion of curing (33 gold).
 21054 | Snake:2  | Bought a potion of curing for 33 gold pieces
 21054 | Snake:2  | 21054 ||| BUYING potion of curing (33 gold).
 21054 | Snake:2  | Bought a potion of curing for 33 gold pieces
 21054 | Snake:2  | 21054 ||| BUYING potion of curing (33 gold).
 21054 | Snake:2  | Bought a potion of curing for 33 gold pieces
 21054 | Snake:2  | 21054 ||| BUYING potion of enlightenment (55 gold).
 21054 | Snake:2  | Bought a potion of enlightenment for 55 gold pieces
 21054 | Snake:2  | 21054 ||| BUYING potion of heal wounds (55 gold).
 21054 | Snake:2  | Bought a potion of heal wounds for 55 gold pieces
 21113 | Snake:2  | 21113 ||| INVOKING Heroism.
 21187 | Snake:2  | 21187 ||| INVOKING Heroism.
 21205 | Snake:2  | Identified the +2 robe "Kazoosau" {Str+3}
 21730 | Snake:2  | 21730 ||| DROPPING +2 robe "Kazoosau" {Str+3}.
 21731 | Snake:2  | 21731 ||| DROPPING ring of wizardry.
 21787 | Snake:3  | Reached skill level 15 in Fighting
 21788 | Snake:3  | Found Astoch's Magic Scroll Shop.
 21790 | Snake:3  | Found Qaxaf's Armour Boutique.
 21792 | Snake:3  | Found Riuf Efe's Armour Shop.
 21796 | Snake:3  | 21796 ||| INVOKING Heroism.
 21805 | Snake:3  | Received a gift from Okawaru
 21863 | Snake:3  | 21863 ||| BUYING 2 scrolls of enchant weapon (270 gold).
 21863 | Snake:3  | Bought 2 scrolls of enchant weapon for 270 gold pieces
 21863 | Snake:3  | 21863 ||| READING 2 scrolls of enchant weapon.
 21863 | Snake:3  | 21863 ||| ENCHANTING +6 heavy longbow.
 21864 | Snake:3  | 21864 ||| READING scroll of enchant weapon.
 21864 | Snake:3  | 21864 ||| ENCHANTING +7 heavy longbow.
 21867 | Snake:3  | 21867 ||| BUYING +1 helmet (149 gold).
 21867 | Snake:3  | Bought a +1 helmet for 149 gold pieces
 21867 | Snake:3  | 21867 ||| BUYING +1 ring mail of cold resistance (208
                  | gold).
 21867 | Snake:3  | Bought a +1 ring mail of cold resistance for 208 gold
                  | pieces
 21869 | Snake:3  | 21869 ||| SHOPLISTING +5 ring mail of Sufrir {rC+ Int+5}
                  | (588 gold, have 559).
 21934 | Snake:3  | Reached XP level 17. HP: 113/113 MP: 24/24
 21948 | Snake:3  | 21948 ||| INVOKING Heroism.
 22047 | Snake:3  | 22047 ||| INVOKING Heroism.
 22163 | Snake:3  | 22163 ||| INVOKING Heroism.
 22178 | Snake:3  | Found Upa Zuynacwu's Vocational Training.
 22183 | Snake:3  | 22183 ||| Stepping ~*~*~tactically~*~*~ (outnumbered).
 22185 | Snake:3  | 22185 ||| Stepping ~*~*~tactically~*~*~ (outnumbered).
 22186 | Snake:3  | 22186 ||| Stepping ~*~*~tactically~*~*~ (outnumbered).
 22202 | Snake:3  | 22202 ||| INVOKING Heroism.
 22207 | Snake:3  | Received a gift from Okawaru
 22471 | Snake:3  | 22471 ||| PLANNING SHOALS:1-3
 22471 | Snake:3  | 22471 ||| DROPPING +1 robe of cold resistance.
 22587 | Shoals:1 | Entered Level 1 of the Shoals
 22603 | Shoals:1 | Identified the +0 chain mail of Xouqokey {rF+ Str+4 Dex+2}
                  | (Okawaru gifted it to you on level 1 of the Shoals)
 22603 | Shoals:1 | Received a gift from Okawaru
 22868 | Shoals:1 | 22868 ||| READING scroll of enchant weapon.
 22868 | Shoals:1 | 22868 ||| ENCHANTING +8 heavy longbow.
 23015 | Shoals:1 | 23015 ||| INVOKING Heroism.
 23344 | Shoals:1 | 23344 ||| DROPPING +0 leather armour of fire resistance.
 23345 | Shoals:1 | 23345 ||| DROPPING ring of positive energy.
 23425 | Shoals:2 | Identified Roxanne's Lectures on Orogeny
 23425 | Shoals:2 | Noticed Roxanne
 23426 | Shoals:2 | 23426 ||| INVOKING Heroism.
 23427 | Shoals:2 | 23427 ||| INVOKING Finesse.
 23438 | Shoals:2 | Killed Roxanne
 23488 | Shoals:2 | 23488 ||| INVOKING Heroism.
 23596 | Shoals:2 | Noticed Kirke
 23610 | Shoals:2 | Killed Kirke
 23639 | Shoals:2 | 23639 ||| INVOKING Heroism.
 23649 | Shoals:2 | You are sucked into a shaft and drop 1 floor!
 23689 | Shoals:3 | 23689 ||| INVOKING Heroism.
 23762 | Shoals:2 | Noticed Mlioglotl
 23763 | Shoals:2 | 23763 ||| INVOKING Heroism.
 23765 | Shoals:2 | 23765 ||| Stepping ~*~*~tactically~*~*~ (outnumbered).
 23771 | Shoals:2 | Killed Mlioglotl
 24094 | Shoals:2 | Noticed Nikola
 24095 | Shoals:2 | 24095 ||| INVOKING Heroism.
 24098 | Shoals:2 | Killed Nikola
 24207 | Shoals:2 | 24207 ||| UPGRADING to +2 cloak of willpower.
 24217 | Shoals:2 | 24217 ||| DROPPING +1 cloak of willpower.
 24232 | Shoals:3 | 24232 ||| INVOKING Heroism.
 24521 | Shoals:3 | Reached skill level 12 in Dodging
 24535 | Shoals:3 | Reached XP level 18. HP: 121/121 MP: 25/25
 24846 | Shoals:3 | 24846 ||| PLANNING SNAKE:4
 25040 | Snake:4  | Entered Level 4 of the Snake Pit
 25107 | Snake:4  | 25107 ||| Stepping ~*~*~tactically~*~*~ (outnumbered).
 25109 | Snake:4  | 25109 ||| Stepping ~*~*~tactically~*~*~ (outnumbered).
 25111 | Snake:4  | 25111 ||| Stepping ~*~*~tactically~*~*~ (outnumbered).
 25160 | Snake:4  | 25160 ||| Stepping ~*~*~tactically~*~*~ (outnumbered).
 25162 | Snake:4  | 25162 ||| Stepping ~*~*~tactically~*~*~ (outnumbered).
 25164 | Snake:4  | 25164 ||| Stepping ~*~*~tactically~*~*~ (outnumbered).
 25166 | Snake:4  | 25166 ||| Stepping ~*~*~tactically~*~*~ (outnumbered).
 25167 | Snake:4  | 25167 ||| Stepping ~*~*~tactically~*~*~ (outnumbered).
 25232 | Snake:4  | 25232 ||| Stepping ~*~*~tactically~*~*~ (outnumbered).
 25333 | Snake:4  | 25333 ||| INVOKING Heroism.
 25334 | Snake:4  | 25334 ||| Stepping ~*~*~tactically~*~*~ (outnumbered).
 25564 | Snake:4  | 25564 ||| Stepping ~*~*~tactically~*~*~ (outnumbered).
 25571 | Snake:4  | Identified the +4 ring mail of Borghadgh {rF+ Will+ MP-9
                  | Int+3} (Okawaru gifted it to you on level 4 of the Snake
                  | Pit)
 25571 | Snake:4  | Received a gift from Okawaru
 25589 | Snake:4  | 25589 ||| INVOKING Heroism.
 25591 | Snake:4  | Reached skill level 15 in Armour
 25634 | Snake:4  | 25634 ||| INVOKING Heroism.
 25641 | Snake:4  | 25641 ||| Stepping ~*~*~tactically~*~*~ (outnumbered).
 25643 | Snake:4  | 25643 ||| Stepping ~*~*~tactically~*~*~ (outnumbered).
 25645 | Snake:4  | HP: 31/124 [naga warrior/+0 glaive (20)]
 25646 | Snake:4  | 25646 ||| READING 13 scrolls of teleportation.
 25666 | Snake:4  | 25666 ||| FLEEEEING.
 25670 | Snake:4  | 25670 ||| FLEEEEING.
 25671 | Snake:4  | 25671 ||| FLEEEEING.
 25674 | Snake:4  | 25674 ||| INVOKING Heroism.
 25679 | Snake:4  | 25679 ||| Stepping ~*~*~tactically~*~*~ (outnumbered).
 25685 | Snake:4  | 25685 ||| Stepping ~*~*~tactically~*~*~ (outnumbered).
 25700 | Snake:4  | Reached skill level 18 in Fighting
 25750 | Snake:4  | 25750 ||| INVOKING Heroism.
 25770 | Snake:4  | 25770 ||| Stepping ~*~*~tactically~*~*~ (outnumbered).
 25785 | Snake:4  | 25785 ||| INVOKING Heroism.
 25797 | Snake:4  | Got a serpentine rune of Zot
 26125 | Snake:4  | 26125 ||| PLANNING VAULTS:1-4
 26125 | Snake:4  | 26125 ||| UPGRADING to +4 ring mail of Borghadgh {rF+ Will+
                  | MP-9 Int+3}.
 26135 | Snake:4  | 26135 ||| DROPPING +0 ring mail "Jymaowye" {rF+ Dex+3}.
 26425 | Vaults:1 | Entered Level 1 of the Vaults
 26426 | Vaults:1 | 26426 ||| PLANNING WIZLAB
 26625 | Vaults:1 | 26625 ||| Stepping ~*~*~tactically~*~*~ (outnumbered).
 26628 | Vaults:1 | 26628 ||| Stepping ~*~*~tactically~*~*~ (outnumbered).
 26680 | Vaults:1 | Received a gift from Okawaru
 26692 | Vaults:1 | 26692 ||| INVOKING Heroism.
 26883 | Vaults:1 | Reached XP level 19. HP: 132/132 MP: 17/26
 27031 | Vaults:1 | 27031 ||| INVOKING Heroism.
 27047 | Vaults:1 | 27047 ||| RIP WIZLAB
 27055 | Vaults:1 | 27055 ||| PLANNING VAULTS:1-4
 27093 | Vaults:1 | 27093 ||| Stepping ~*~*~tactically~*~*~ (outnumbered).
 27094 | Vaults:1 | 27094 ||| Stepping ~*~*~tactically~*~*~ (outnumbered).
 27108 | Vaults:1 | Identified the +4 falchion of Grand Courage {freeze, *Noise
                  | Drain rC++ rN+++}
 27194 | Vaults:1 | Noticed Zenata
 27195 | Vaults:1 | 27195 ||| INVOKING Heroism.
 27196 | Vaults:1 | 27196 ||| INVOKING Finesse.
 27205 | Vaults:1 | 27205 ||| Stepping ~*~*~tactically~*~*~ (outnumbered).
 27206 | Vaults:1 | Killed Zenata
 27608 | Vaults:1 | Found Komilatz's Book Emporium.
 27724 | Vaults:1 | 27724 ||| DROPPING +1 ring mail of cold resistance.
 27725 | Vaults:1 | 27725 ||| DROPPING +1 pair of boots.
 27726 | Vaults:1 | 27726 ||| DROPPING +4 ring of protection.
 27777 | Vaults:2 | 27777 ||| Stepping ~*~*~tactically~*~*~ (outnumbered).
 27779 | Vaults:2 | 27779 ||| Stepping ~*~*~tactically~*~*~ (outnumbered).
 27780 | Vaults:2 | 27780 ||| Stepping ~*~*~tactically~*~*~ (outnumbered).
 27815 | Vaults:2 | 27815 ||| Stepping ~*~*~tactically~*~*~ (outnumbered).
 27816 | Vaults:2 | 27816 ||| Stepping ~*~*~tactically~*~*~ (outnumbered).
 27818 | Vaults:2 | 27818 ||| Stepping ~*~*~tactically~*~*~ (outnumbered).
 27820 | Vaults:2 | 27820 ||| Stepping ~*~*~tactically~*~*~ (outnumbered).
 27972 | Vaults:2 | 27972 ||| Stepping ~*~*~tactically~*~*~ (outnumbered).
 27979 | Vaults:2 | 27979 ||| Stepping ~*~*~tactically~*~*~ (outnumbered).
 28188 | Vaults:2 | 28188 ||| INVOKING Heroism.
 28282 | Vaults:2 | 28282 ||| INVOKING Heroism.
 28283 | Vaults:2 | Received a gift from Okawaru
 28802 | Vaults:2 | 28802 ||| Stepping ~*~*~tactically~*~*~ (outnumbered).
 28808 | Vaults:2 | 28808 ||| Stepping ~*~*~tactically~*~*~ (outnumbered).
 28809 | Vaults:2 | 28809 ||| Stepping randomly (stuck).
 29023 | Vaults:3 | Found a staircase to the Crypt.
 29023 | Vaults:3 | Found a basalt altar of Yredelemnul.
 29024 | Vaults:3 | Found an ancient bone altar of Kikubaaqudgha.
 29038 | Vaults:3 | Reached ****** piety under Okawaru
 29218 | Vaults:3 | 29218 ||| INVOKING Heroism.
 29219 | Vaults:3 | Noticed Asterion
 29220 | Vaults:3 | 29220 ||| INVOKING Finesse.
 29228 | Vaults:3 | Shot themself with an arrow

Levels and vault maps discovered:
D:1:      arrival_zaba_pyramid, layout_basic, minmay_close_crescents
D:2:      layout_rooms, basic_altar
D:3:      layout_basic, nzn_wu_jian_contemplation, serial_shops, shop, uniq_ijyb
D:4:      layout_loops_corners, lightli_sewer_entry_pipes
D:5:      layout_cave_pools, lemuel_doored_altar,
          nicolae_overflow_two_pavilions, temple_hall_moat, ebering_ghost_gozag,
          serial_shops, nicolae_diamond_shop, minmay_pentangle, uniq_grinder
D:6:      layout_basic, nemelex_diamond_rough_becter,
          gammafunk_temple_overflow_elements, gammafunk_ghost_hive,
          enter_ossuary_2, amcnicky_mini_corridor_feature
D:7:      layout_rooms, mainiacjoe_overflow_paths, zin_scriptorium,
          serial_shops, shop_scrolls, nicolae_shop_rolled_up,
          nicolae_diamond_shop, nicolae_specific_store
D:8:      layout_basic, hellmonk_lair_entry_icy, gammafunk_ghost_necromancy
D:9:      layout_irregular_city, kennysheep_orc_monster_closet_entryway,
          grunt_ministairs_3
D:10:     gammafunk_jiyva_shrine, layout_basic, serial_glass, glass_columns_a,
          glass_columns_a, glass_columns_b, glass_columns_c, glass_columns_b,
          glass_columns_b, glass_columns_b, glass_columns_a, glass_columns_b,
          glass_columns_a, glass_columns_a, glass_columns_a, glass_columns_a,
          glass_columns_a
D:11:     layout_grid_maze, vehumet_altar_wand_db
D:12:     layout_roguey
D:13:     layout_long_grid, portal_ice_cave_rime, xom_redecorated
D:14:     layout_small_grid, erik_vaults_1, ebering_ghost_funeral_grove,
          hangedman_abyss_or_decor_clamps, blue_anna_alchemist, uniq_snorg
D:15:     grunt_enter_depths_giant_problem, layout_irregular_city,
          palyth_stone_intersect, gauntlet_entry_generic
Temple:   nicolae_temple_ecumenical_triangle
Lair:1:   layout_big_grid, basic_altar, dreamdust_gnoll_shepherd
Lair:2:   layout_layer_cave, nicolae_shoals_entry_roost, st_stairs_11,
          minivault_23, serial_bayou_shore_b, grunt_megastairs_4,
          lemuel_fruit_fields
Lair:3:   layout_chaotic_city, guppyfry_snake_entry_garden
Lair:4:   pond_and_an_island_with_a_cottage, layout_regular_city, slime_entry_2,
          uniq_sonja
Lair:5:   minmay_lair_end_enchanted_forest, layout_loops_ring
Shoals:1: layout_shoals, kb_tengu_band
Shoals:2: layout_shoals, nicolae_shoals_land_atoll, uniq_nikola, uniq_roxanne,
          uniq_kirke, uniq_mlioglotl
Shoals:3: layout_shoals
Snake:1:  layout_misc_corridors, basic_altar, serial_shops, nicolae_square_shop,
          st_stairs_12, grunt_ministairs_5, drop_trap, grunt_megastairs_1,
          serial_bayou_shore_a, uniq_louise, uniq_azrael, uniq_aizul
Snake:2:  layout_grid_maze, serial_shops, shop, serial_bayou_shore_b,
          serial_bayou_shore_b
Snake:3:  layout_concentric_octagons, nicolae_shop_vocational, minmay_shop_star
Snake:4:  snake_pit, layout_basic, st_stairs_5, nicolae_snake_gridmaze_big_u
Orc:1:    layout_caves, basic_altar
Orc:2:    st_orc_elflike, layout_caves, basic_altar, serial_shops, shop
Vaults:1: mu_enter_wizlab_5, nicolae_vaults_more_shelving_1,
          nicolae_vaults_little_guard_posts, vaults_room_hallway, v_misc_25,
          grunt_vaults_bifocal, nicolae_vaults_more_shelving_2,
          nicolae_vaults_inception_scallops,
          nicolae_vaults_windows_and_doors_thing, v_pattern_1,
          vaults_room_pools, nicolae_vaults_network_square,
          hangedman_vaults_cutoff, nicolae_vaults_tetromino_T_2,
          nicolae_vaults_angled_halls, layout_vaults_big_cross, serial_shops,
          shop_statue, uniq_zenata
Vaults:2: ontoclasm_vaults_misaligned, nicolae_vaults_tangram_1, v_misc_27,
          nicolae_vaults_trapezoid_2, vaults_dpeg_hooks,
          nicolae_vaults_branching_niches, nicolae_vaults_tetromino_T_2,
          vaults_room_pool, nicolae_vaults_trapezoid_1,
          layout_vaults_chaotic_city
Vaults:3: hangedman_vaults_nails, nicolae_vaults_corridor_and_loot_room,
          dpeg_vaults_monster_row, hangedman_vaults_stream,
          nicolae_vaults_surprise_closet, vaults_room_pool, v_pattern_4,
          layout_vaults_omnigrid, minmay_crypt_entry_necro_gods, serial_shops,
          shop, nicolae_shop_advertising_works [nicolae_subvault_shop_adworks],
          uniq_asterion

Skill      XL: |  1  2  3  4  5  6  7  8  9 10 11 12 13 14 15 16 17 18 19 |
---------------+----------------------------------------------------------+-----
Ranged Weapons | 5 6 7 8 10 11 13 14 16 19 20 | 20.0
Fighting       | 3 4 5 6 8 9 10 11 12 13 15 16 18 20 | 20.0
Dodging        | 2 3 4 5 6 8 9 10 12 13 14 | 14.5
Armour         | 1 2 3 5 8 12 14 15 | 15.0
Invocations    | 4 6 10 | 10.0
Stealth        | |  1.1

Action                     |  1- 3 |  4- 6 |  7- 9 | 10-12 | 13-15 | 16-18 | 19-21 || total
---------------------------+-------+-------+-------+-------+-------+-------+-------++-------
   Fire: Shortbow          |   111 |   149 |   500 |   543 |    94 |       |       ||  1397
         Longbow           |       |       |       |       |   746 |   938 |   255 ||  1939
 Invoke: Heroism           |       |       |       |    19 |    19 |    34 |     5 ||    77
         Finesse           |       |       |       |       |     4 |     1 |     2 ||     7
    Use: Scroll            |     2 |     3 |     9 |    11 |    12 |     4 |       ||    41
         Potion            |       |     1 |     5 |     2 |     1 |       |       ||     9
 Armour: Leather armour    |    21 |    13 |    93 |    65 |   116 |       |       ||   308
         Troll leather arm |       |       |       |       |     2 |       |       ||     2
         Quicksilver drago |       |       |       |       |       |   159 |       ||   159
         Ring mail         |       |       |       |       |       |    20 |    45 ||    65
  Dodge: Dodged            |    32 |    45 |   215 |   290 |   400 |   470 |   135 ||  1587

Table legend:
 A = Non-vault XP
 B = Vault XP
 C = Vault XP percentage of total XP
 D = Non-vault monster count
 E = Vault monster count
 F = Vault count percentage of total count
                 A         B        C        D         E       F
            +---------+---------+-------+---------+---------+-------
      Total |  264570 |  118817 |  31.0 |     872 |     313 |  26.4
            +---------+---------+-------+---------+---------+-------
        D:1 |      49 |       8 |  14.0 |      27 |       5 |  15.6
        D:2 |      30 |       0 |   0.0 |      18 |       0 |   0.0
        D:3 |     125 |      36 |  22.4 |      16 |       1 |   5.9
        D:4 |     754 |      36 |   4.6 |      26 |       7 |  21.2
        D:5 |     584 |     907 |  60.8 |      20 |      14 |  41.2
        D:6 |     905 |       0 |   0.0 |      22 |       0 |   0.0
        D:7 |    1120 |       0 |   0.0 |      12 |       0 |   0.0
        D:8 |    2082 |    1455 |  41.1 |      16 |       8 |  33.3
        D:9 |    1873 |    1791 |  48.9 |      23 |      27 |  54.0
       D:10 |    1734 |       0 |   0.0 |      24 |       0 |   0.0
       D:11 |    5411 |       2 |   0.0 |      29 |       1 |   3.3
       D:12 |    7744 |       0 |   0.0 |      36 |       0 |   0.0
       D:13 |    2939 |     754 |  20.4 |      10 |       2 |  16.7
       D:14 |   14091 |    2667 |  15.9 |      21 |       4 |  16.0
       D:15 |    9734 |    1114 |  10.3 |      20 |       1 |   4.8
     Lair:1 |    8899 |     799 |   8.2 |      32 |       4 |  11.1
     Lair:2 |    8689 |    3527 |  28.9 |      28 |       9 |  24.3
     Lair:3 |    6602 |     166 |   2.5 |      31 |       1 |   3.1
     Lair:4 |   13157 |    1803 |  12.1 |      50 |       6 |  10.7
     Lair:5 |   16253 |    8481 |  34.3 |      48 |      43 |  47.3
   Shoals:1 |   11245 |    1140 |   9.2 |      25 |       2 |   7.4
   Shoals:2 |   12435 |    7576 |  37.9 |      21 |       8 |  27.6
   Shoals:3 |   19577 |       0 |   0.0 |      34 |       0 |   0.0
    Snake:1 |    7762 |    9596 |  55.3 |      23 |      19 |  45.2
    Snake:2 |   11365 |       0 |   0.0 |      25 |       0 |   0.0
    Snake:3 |   18719 |       0 |   0.0 |      32 |       0 |   0.0
    Snake:4 |   21379 |   24327 |  53.2 |      45 |      36 |  44.4
      Orc:1 |    2447 |       0 |   0.0 |      33 |       0 |   0.0
      Orc:2 |    2190 |    8172 |  78.9 |      40 |      25 |  38.5
   Vaults:1 |   33429 |   19724 |  37.1 |      48 |      25 |  34.2
   Vaults:2 |   14847 |   12334 |  45.4 |      28 |      18 |  39.1
   Vaults:3 |    6400 |    5456 |  46.0 |       9 |       6 |  40.0
    Ossuary |       0 |    1201 | 100.0 |       0 |      30 | 100.0
   Gauntlet |       0 |    5745 | 100.0 |       0 |      11 | 100.0
            +---------+---------+-------+---------+---------+-------
